Map: Blueshift LE

Players

Mortuus

  • Race: Terran Terran
  • League: Silver
  • Spawn Location: 1:00

White - Winner!

  • Race: Protoss Protoss
  • League: Silver
  • Spawn Location: 7:00

VOD

Have the link to the VOD?

Description

Time

  • Played on: Sept. 3, 2018, 8:43 p.m.
  • Length: 9:55
Show
View Real Time Build Order
Export as new Build Order

Mortuus Terran 

Build Orders:  

Get SALT Encoding   

  12  0:00  SCV  
  13  0:13  SCV  
  14  0:18  Supply Depot  
  14  0:32  SCV  
  15  0:40  Barracks  
  15  0:44  SCV  
  15  0:49  Refinery  
  16  0:56  SCV  
  17  1:03  Engineering Bay  
  17  1:08  SCV  
  19  1:26  Supply Depot  
  19  1:28  Orbital Command  
  19  1:29  Marine  
  19  1:36  Refinery  
  19  1:47  Marine  
  20  1:57  Factory, SCV  
  21  2:07  Marine  
  22  2:09  SCV  
  23  2:15  Terran Infantry Weapons Level 1  
  23  2:25  Marine  
  24  2:32  Barracks  
  24  2:33  SCV  
  25  2:40  Supply Depot  
  25  2:45  SCV  
  25  2:47  Starport  
  26  2:58  Missile Turret  
  26  2:59  SCV  
  26  3:02  Barracks Tech Lab  
  26  3:04  Factory Tech Lab  
  27  3:11  SCV  
  28  3:21  Marine  
  28  3:22  Marine  
  28  3:23  SCV  
  28  3:26  Medivac  
  33  3:35  Siege Tank, SCV  
  33  3:40  Marine  
  33  3:41  Marine  
  39  3:59  Supply Depot  
  39  4:07  Medivac, SCV, Siege Tank  
  45  4:19  SCV  
  46  4:38  SCV, Armory, Command Center  
  47  4:40  Marine  
  47  4:42  Marine  
  49  5:09  SCV  
  49  5:11  Barracks  
  49  5:12  Barracks  
  49  5:13  Medivac  
  52  5:18  Barracks Reactor  
  53  5:30  Marine  
  53  5:32  SCV  
  54  5:40  Siege Tank  
  57  5:45  Supply Depot  
  57  5:52  Marine  
  58  6:03  Barracks Reactor x2  
  58  6:05  Marine x2  
  58  6:07  Supply Depot  
  58  6:09  Medivac  
  58  6:10  Marine  
  63  6:12  Orbital Command  
  63  6:16  SCV  
  64  6:28  SCV  
  65  6:40  SCV  
  45  7:05  SCV  
  32  7:17  SCV  
  32  7:20  Marine x4  
  32  7:21  Marine x3  
  40  7:23  Siege Tank  
  40  7:29  SCV  
  42  7:41  SCV  
  30  7:54  SCV  
  30  7:55  Siege Tank, Marine x3  
  30  7:56  Marine x4  
  27  8:06  SCV  
  26  8:13  Marine x7  
  26  8:18  SCV  
  30  8:31  Marine x2  
Show
View Real Time Build Order
Export as new Build Order

White Protoss - Winner!

Build Orders:  

Get SALT Encoding   

  1  0:00  Probe  
  13  0:15  Pylon  
  13  0:21  Probe  
  14  0:33  Probe  
  15  0:38  Gateway  
  15  0:48  Gateway  
  15  0:54  Probe  
  16  1:02  Assimilator  
  16  1:03  Probe  
  16  1:11  Probe  
  18  1:31  Cybernetics Core  
  18  1:36  Pylon  
  18  1:37  Zealot x2  
  22  1:48  Warp Gate  
  22  1:51  Probe  
  23  2:17  Nexus  
  23  2:35  Pylon  
  23  2:45  Stalker x2  
  23  2:49  Probe  
  28  2:55  Assimilator  
  28  3:01  Probe  
  29  3:06  Forge  
  29  3:14  Probe  
  30  3:30  Probe  
  30  3:33  Probe  
  32  3:37  Protoss Ground Armor Level 1  
  32  3:38  Probe  
  32  3:45  Probe  
  32  3:47  Probe  
  34  3:53  Robotics Facility  
  35  3:57  Probe  
  35  3:59  Probe  
  37  4:03  Gateway  
  37  4:09  Probe  
  38  4:10  Gateway  
  38  4:18  Pylon  
  38  4:21  Probe  
  39  4:28  Shield Battery  
  39  4:33  Shield Battery  
  39  4:35  Probe  
  39  4:37  Probe  
  41  4:42  Assimilator  
  41  4:47  Probe  
  42  4:59  Probe  
  43  5:00  Adept  
  43  5:01  Adept x2  
  43  5:04  Adept  
  43  5:06  Warp Prism  
  51  5:11  Probe  
  51  5:12  Assimilator  
  54  5:23  Probe  
  54  5:26  Protoss Ground Weapons Level 1  
  55  5:28  Stalker  
  55  5:29  Stalker  
  55  5:32  Stalker  
  61  5:36  Probe  
  62  5:44  Pylon  
  62  5:46  Pylon  
  62  5:50  Pylon  
  62  5:56  Pylon  
  62  6:02  Probe  
  63  6:07  Photon Cannon  
  63  6:14  Immortal  
  63  6:15  Probe  
  68  6:38  Zealot x3  
  68  6:39  Zealot  
  66  6:59  Zealot  
  66  7:00  Zealot x3  
  56  7:20  Zealot x3  
  56  7:21  Zealot  
  62  7:41  Zealot x4  
  68  7:58  Immortal  
  68  7:59  Cybernetics Core  
  68  8:10  Pylon  
  55  8:37  Immortal  
  52  8:41  Adept x4  
  60  8:59  Pylon  
  58  9:04  Stalker  
  58  9:06  Stalker x3  
  70  9:19  Photon Cannon  
  70  9:45  Adept x4  
Tags
 
Add a new tag
Caveats
  • Supply blocks, unpowered buildings, or Contaminate may cause inaccurate times.
  • Supply counts are checked every 10 seconds.